 Dungeon Crawl Stone Soup version 0.30.0-29-ga12c61a403 (webtiles) character file.

Game seed: 7349384040056886071

83626 Irreverend the Earth Mage (level 15, 0/99 HPs)
             Began as a Gargoyle Earth Elementalist on June 5, 2023.
             Was an Elder of Sif Muna.
             Shot with an arrow by a centaur warrior (16 damage)
             ... on level 15 of the Dungeon.
             The game lasted 02:02:22 (38585 turns).

Irreverend the Earth Mage (GrEE)                   Turns: 38585, Time: 02:02:23

Health: 0/99       AC: 23    Str: 13    XL:     15   Next: 77%
Magic:  20/32      EV: 15    Int: 24    God:    Sif Muna [****..]
Gold:   2901       SH:  0    Dex: 10    Spells: 20/40 levels left

rFire   + . .        F - staff of cold "Bogis" {rPois rC+ Int+2}
rCold   + + .        (no shield)
rNeg    + . .        N - +2 robe {Will+}
rPois   ∞            s - +0 helmet
rElec   +            (no cloak)
rCorr   .            O - +2 pair of gloves
SInv    .            R - +2 pair of boots
Will    ++...        (no amulet)
Stlth   ++           Q - ring of protection from fire
HPRegen 0.36/turn    y - ring of protection from cold
MPRegen 0.23/turn

%: no passive effects
@: flying
A: sickness immunity, AC +11, big wings, negative energy resistance 1,
electricity resistance, torment resistance 1, petrification resistance
a: Renounce Religion, Channel Magic, Forget Spell, Divine Exegesis


You were on level 15 of the Dungeon.
You worshipped Sif Muna.
Sif Muna was greatly pleased with you.
You visited 3 branches of the dungeon, and saw 22 of its levels.

You collected 3876 gold pieces.
You spent 975 gold pieces at shops.

Inventory:

Hand Weapons
 I - a +2 dagger of speed
Armour
 s - a +0 helmet (worn)
 E - the +18 Lear's hauberk
   (You found it on level 7 of the Dungeon)
 N - a +2 robe of willpower (worn)
 O - a +2 pair of gloves (worn)
 R - a +2 pair of boots (worn)
 V - a +2 robe of resistance
Magical Staves
 F - the staff of cold "Bogis" (weapon) {rPois rC+ Int+2}
   (You found it on level 5 of the Lair of Beasts)

   [staff of cold]

   Base accuracy: +5 Base damage: 5 Base attack delay: 1.2 This weapon's minimum
   attack delay (0.6) is reached at skill level 12.
   Int:       It affects your intelligence (+2).
   rC:        It protects you from cold.
   rPois:     It protects you from poison.
   It falls into the 'Staves' category.
   It is a one-handed weapon.
Jewellery
 b - a ring of protection from fire
 r - a ring of willpower
 y - a ring of protection from cold (right hand)
 z - a ring of fire
 Q - a ring of protection from fire (left hand)
 S - a ring of flight
 T - a +5 ring of evasion
Wands
 p - a wand of flame (50)
 C - a wand of charming (13)
 K - a wand of iceblast (19)
 L - a wand of light (11)
 U - a wand of mindburst (6)
Scrolls
 e - a scroll of blinking
 g - a scroll of magic mapping
 h - 12 scrolls of teleportation
 j - 5 scrolls of enchant weapon
 l - 2 scrolls of amnesia
 o - a scroll of silence
 w - a scroll of torment
 x - 2 scrolls of brand weapon
 A - a scroll of vulnerability
 B - a scroll of fear
 H - 2 scrolls of poison
 J - 4 scrolls of fog
 M - 3 scrolls of noise
Potions
 a - 4 potions of flight
 c - 4 potions of cancellation
 d - 8 potions of lignification
 f - 3 potions of brilliance
 i - 2 potions of resistance
 k - 13 potions of curing
 m - 3 potions of might
 n - 7 potions of haste
 t - 4 potions of degeneration
 u - 2 potions of mutation {unknown}
 v - 4 potions of attraction
 D - a potion of invisibility {unknown}
 G - a potion of berserk rage {unknown}
 P - 2 potions of magic


   Skills:
 + Level 13.4 Fighting
 - Level 3.9 Armour
 + Level 10.2 Dodging
 - Level 2.1 Stealth
 + Level 13.2 Spellcasting
 - Level 9.9 Conjurations
 - Level 0.7 Transmutations
 + Level 16.9 Earth Magic


You had 20 spell levels left.
You knew the following spells:

 Your Spells              Type           Power      Damage    Failure   Level
a - Sandblast             Erth           100%       2d20      0%          1
b - Stone Arrow           Conj/Erth      100%       3d13      1%          3
c - Iron Shot             Conj/Erth      34%        9d7       2%          6
d - Passwall              Tmut/Erth      45%        N/A       1%          2
e - Petrify               Tmut/Erth      55%        N/A       1%          4
f - Iskenderun's Mystic   Conj/Tloc      39%        2d9       4%          4

Your spell library contained the following spells:

 Spells                   Type           Power      Damage    Failure   Level
 Shock                    Conj/Air       100%       1d9       1%          1
 Momentum Strike          Conj/Tloc      78%        3d10      1%          2
 Static Discharge         Conj/Air       78%        2-6/arc   1%          2
 Dazzling Flash           Conj/Hex       78%        N/A       1%          3
 Iskenderun's Battlesphe  Conj           59%        2d11      1%          5
 Apportation              Tloc           30%        N/A       3%          1
 Necrotise                Necr           60%        1d7       3%          1
 Summon Small Mammal      Summ           60%        N/A       3%          1
 Sticky Flame             Conj/Fire      39%        2d6       4%          4
 Scorch                   Fire           30%        2d6       6%          2
 Call Canine Familiar     Summ           15%        N/A       12%         3
 Irradiate                Conj/Tmut      20%        3d18      12%         5
 Arcjolt                  Conj/Air       19%        1d29      14%         5
 Fireball                 Conj/Fire      19%        3d9       14%         5
 Freezing Cloud           Conj/Ice/Air   23%        6-21      26%         5
 Anguish                  Hex/Necr       7%         N/A       36%         4
 Passage of Golubria      Tloc           15%        N/A       36%         4
 Summon Ice Beast         Ice/Summ       23%        N/A       36%         4
 Summon Lightning Spire   Summ/Air       15%        N/A       36%         4
 Lehudib's Crystal Spear  Conj/Erth      34%        10d9      69%         8
 Agony                    Necr           15%        N/A       71%         5
 Silence                  Hex/Air        7%         N/A       71%         5
 Summon Cactus Giant      Summ           7%         N/A       99%         6
 Spellforged Servitor     Conj/Summ      19%        N/A       99%         7
 Storm Form               Tmut/Air       8%         N/A       100%        7
 Infestation              Necr           7%         N/A       100%        8
 Maxwell's Capacitive Co  Air            7%         ∞         100%        8
 Fire Storm               Conj/Fire      19%        8d5       100%        9
 Sublimation of Blood     Necr           Unusable   N/A       N/A         2

Dungeon Overview and Level Annotations

Branches:
Dungeon (15/15)            Temple (0/1) D:7            Lair (5/5) D:8
  Swamp (0/4) Lair:2        Snake (0/4) Lair:2        Slime (0/5) Lair:5
    Orc (2/2) D:11            Elf (0/3) Orc:2        Vaults (0/5) D:13
 Depths (0/4) D:15

Altars:
Ru
Sif Muna
Trog
Xom
Zin
Jiyva
Lugonu

Shops:
D:6 *   D:8 (   D:9 (   D:14 (   Orc:2 *?!(([

Portals:
Abyss: Lair:5

Annotations:
D:12 Jorgrun
D:14 3 runed translucent doors, exclusion: orange crystal statue


Innate Abilities, Weirdness & Mutations

You are immune to sickness and miasma.
Your stone body is resilient. (AC +11)
You are immune to poison.
Your large and strong wings let you fly.
You resist negative energy. (rN+)
You are resistant to electric shocks. (rElec)
You are resistant to unholy torment.
You are immune to petrification.


Message History

The blast of sand hits the orc!
You kill the orc!
Sif Muna accepts your kill.
The centaur warrior shoots an arrow.
The arrow hits you!
The centaur warrior shoots an arrow.
The arrow barely misses you.
The centaur warrior shoots an arrow.
The arrow barely misses you.
The centaur warrior shoots an arrow.
The arrow hits you!!
The centaur warrior shoots an arrow.
The arrow misses you.
You start resting.
A centaur warrior is nearby!
The centaur warrior shoots an arrow.
The arrow hits you!!
The centaur warrior shoots an arrow.
The arrow hits you!
The centaur warrior shoots an arrow.
The arrow hits you!!
* * * LOW HITPOINT WARNING * * *
You start resting.
A centaur warrior is nearby!
Casting: Sandblast (safe; 0% risk of failure)
Confirm with . or Enter, or press ? or * to list all spells.
Aiming: Iron Shot (dangerous; 2% risk of failure)
Press: ? - help, Shift-Dir - straight line, f - centaur warrior
Aim: a centaur warrior, wielding a +2 heavy longbow (81% to hit)
Okay, then.
You feel much better.
The centaur warrior shoots an arrow.
The arrow hits you!
* * * LOW HITPOINT WARNING * * *
Casting: Iron Shot (dangerous; 2% risk of failure)
Confirm with . or Enter, or press ? or * to list all spells.
Aiming: Iron Shot (dangerous; 2% risk of failure)
Press: ? - help, Shift-Dir - straight line, f - centaur warrior
Aim: a centaur warrior, wielding a +2 heavy longbow (81% to hit)
The iron shot misses the centaur warrior.
The centaur warrior shoots an arrow.
The arrow hits you!
* * * LOW HITPOINT WARNING * * *
Casting: Iron Shot (dangerous; 2% risk of failure)
Confirm with . or Enter, or press ? or * to list all spells.
Aiming: Iron Shot (dangerous; 2% risk of failure)
Press: ? - help, Shift-Dir - straight line, f/p - centaur warrior
Aim: a centaur warrior, wielding a +2 heavy longbow (81% to hit)
The iron shot misses the centaur warrior.
The centaur warrior shoots an arrow.
The arrow hits you!
You die...

...................#
......#..........###
.).....##......#.##
......##..........#
..........).......#
.........c###.c..##
....##............#
...##..........#..#
...#....)..##.##@##
......[......#####
...#.)<....<..#
...###......###
..###........##
..##......)...##
...............##
................#
................#


You could see a centaur warrior.

Vanquished Creatures
  A stone giant (D:15)
  Nessos (Lair:5)
  Snorg (Lair:3)
  Josephine (D:10)
  An entropy weaver (shapeshifter) (D:14)
  An ogre mage (D:15)
  A hydra (Lair:5)
  3 centaur warriors
  4 boulder beetles
  2 dancing weapons (D:13)
  3 two-headed ogres
  3 tengu warriors (D:15)
  6 death yaks (Lair:5)
  4 orc high priests
  Sonja (Lair:5)
  4 thrashing horrors (Lair:5)
  3 skeletal warriors (D:14)
  A deep elf pyromancer (D:15)
  A lindwurm (Lair:5)
  2 orc knights
  7 cyclopes
  9 ugly things
  3 orc sorcerers
  4 manticores
  2 black mambas
  3 elephants (Lair:5)
  A torpor snail (Lair:5)
  10 cane toads
  2 gargoyles
  2 smoke demons (Lair:5)
  9 komodo dragons
  3 kobold demonologists
  A rime drake (shapeshifter) (Lair:5)
  3 rime drakes
  2 tengu conjurers (D:14)
  2 ancient zymes (Lair:5)
  9 trolls
  A hornet (shapeshifter) (D:13)
  A hornet (D:10)
  2 tyrant leeches (Lair:2)
  A polar bear (Lair:5)
  Grinder (D:4)
  4 dream sheep (Lair:5)
  34 blink frogs
  A large abomination (Lair:5)
  17 slime creatures
  8 wraiths
  A vampire (D:11)
  A spriggan (Lair:5)
  38 yaks
  5 wyverns
  3 ynoxinuls (Lair:5)
  Eustachio (D:4)
  7 basilisks
  3 steam dragons
  15 vampire mosquitoes
  A chaos spawn (Lair:5)
  5 wargs
  2 acid dragons
  14 water moccasins
  2 swamp worms (Lair:2)
  3 ice beasts
  4 black bears
  23 orc warriors
  12 ogres
  A sky beast (D:7)
  9 centaurs
  17 wolves
  A phantom (D:5)
  6 kobold brigands
  12 bullfrogs
  4 gnoll sergeants (D:11)
  10 small abominations (Lair:5)
  2 scorpions
  5 wights (D:9)
  3 killer bees (D:9)
  2 howler monkeys (D:12)
  5 electric eels
  5 hounds
  2 jellies
  26 orc priests
  Ijyb (D:3)
  Terence (D:3)
  4 sleepcaps
  Natasha (thrice) (D:2)
  6 iguanas
  27 orc wizards
  6 gnolls
  7 adders
  A shadow imp (D:7)
  A white imp (D:5)
  An ufetubus (D:3)
  2 worms
  5 dart slugs
  86 orcs
  6 endoplasms
  4 giant cockroaches
  6 goblins
  11 hobgoblins
  4 quokkas
  4 ball pythons
  3 bats
  2 frilled lizards
  17 kobolds
  4 rats
648 creatures vanquished.

Vanquished Creatures (others)
  Pikel (D:5)
  A smoke demon (Lair:5)
  2 yaks (D:11)
  A lemure (D:5)
  An orc wizard (Orc:2)
6 creatures vanquished.

Grand Total: 654 creatures vanquished

Notes
Turn   | Place    | Note
-------+----------+-------------------------------------------
     0 | D:1      | Irreverend the Gargoyle Earth Elementalist began the quest
                  | for the Orb.
     0 | D:1      | Reached XP level 1. HP: 10/10 MP: 3/3
   715 | D:2      | Reached XP level 2. HP: 15/15 MP: 3/5
   719 | D:2      | You fall into a shaft and drop 1 floor!
   764 | D:3      | Reached skill level 4 in Earth Magic
   956 | D:2      | Found a shimmering blue altar of Sif Muna.
  1014 | D:2      | Became a worshipper of Sif Muna the Loreminder
  1122 | D:2      | Reached XP level 3. HP: 15/19 MP: 5/7
  1278 | D:2      | Reached XP level 4. HP: 24/24 MP: 3/8
  1335 | D:2      | Noticed Natasha
  1341 | D:2      | Killed Natasha
  1342 | D:2      | Reached skill level 5 in Earth Magic
  1454 | D:2      | Noticed Natasha
  1458 | D:2      | Killed Natasha
  1459 | D:2      | Reached XP level 5. HP: 25/28 MP: 6/10
  1495 | D:2      | Noticed Natasha
  1499 | D:2      | Killed Natasha
  1570 | D:2      | Learned a level 3 spell: Stone Arrow
  1679 | D:3      | Reached skill level 1 in Conjurations
  1700 | D:3      | Reached XP level 6. HP: 19/32 MP: 1/12
  1837 | D:3      | Noticed Terence
  1841 | D:3      | Killed Terence
  1842 | D:3      | Reached skill level 6 in Earth Magic
  1886 | D:3      | Reached * piety under Sif Muna
  2500 | D:4      | Noticed Grinder
  2576 | D:4      | Paralysed by Grinder for 4 turns
  2583 | D:4      | Killed Grinder
  2584 | D:4      | Reached XP level 7. HP: 33/36 MP: 0/13
  2983 | D:4      | Noticed Eustachio
  3036 | D:4      | Killed Eustachio
  3037 | D:4      | Reached skill level 7 in Earth Magic
  3071 | D:4      | Reached skill level 5 in Spellcasting
  3279 | D:4      | Noticed Ijyb
  3382 | D:3      | Killed Ijyb
  3805 | D:4      | Reached ** piety under Sif Muna
  4145 | D:5      | Entered Level 5 of the Dungeon
  4145 | D:5      | Noticed a steam dragon
  4145 | D:5      | Noticed Pikel
  4241 | D:5      | Reached XP level 8. HP: 34/41 MP: 6/15
  4449 | D:5      | Found a shimmering altar of Xom.
  4454 | D:5      | Reached skill level 8 in Earth Magic
  4457 | D:5      | Reached skill level 5 in Conjurations
  4492 | D:5      | Killed Pikel
  5325 | D:6      | Reached skill level 9 in Earth Magic
  5325 | D:6      | Reached XP level 9. HP: 17/45 MP: 10/18
  5618 | D:6      | Found Vuil's Fire Supplies.
  5988 | D:6      | Reached skill level 1 in Fighting
  6448 | D:7      | Found a staircase to the Ecumenical Temple.
  6468 | D:7      | Noticed a troll
  6476 | D:7      | Killed a troll
  7174 | D:7      | Reached *** piety under Sif Muna
  7649 | D:7      | Found the +18 Lear's hauberk
  7999 | D:7      | Reached skill level 1 in Armour
  8000 | D:7      | Reached skill level 10 in Earth Magic
  8099 | D:7      | Reached XP level 10. HP: 33/56 MP: 5/21
  8536 | D:8      | Found a staircase to the Lair.
  8593 | D:8      | Found Teiklus's Weapon Boutique.
  8625 | D:8      | Reached skill level 5 in Fighting
  9007 | D:8      | Noticed a two-headed ogre
  9020 | D:8      | Killed a two-headed ogre
  9021 | D:8      | Reached skill level 11 in Earth Magic
  9244 | D:8      | Found a glowing silver altar of Zin.
  9550 | D:9      | Found Eneut's Weapon Shop.
  9930 | D:9      | Reached XP level 11. HP: 43/64 MP: 5/23
  9933 | D:10     | Entered Level 10 of the Dungeon
 10153 | D:9      | Reached **** piety under Sif Muna
 10281 | D:9      | Found a bloodstained altar of Trog.
 11012 | D:10     | Noticed Josephine
 11022 | D:10     | Killed Josephine
 11400 | D:10     | Reached skill level 12 in Earth Magic
 11889 | D:10     | Noticed a centaur warrior
 11902 | D:10     | Killed a centaur warrior
 12052 | D:10     | Reached skill level 5 in Dodging
 12490 | D:11     | Noticed a two-headed ogre
 12495 | D:11     | Killed a two-headed ogre
 12572 | D:11     | Noticed a cyclops
 12732 | D:11     | Killed a cyclops
 12884 | D:11     | Noticed a boulder beetle
 13030 | D:11     | Killed a boulder beetle
 13031 | D:11     | Reached XP level 12. HP: 4/74 MP: 7/25
 13750 | D:11     | Reached skill level 13 in Earth Magic
 13887 | D:11     | Found a sacrificial altar of Ru.
 13938 | D:11     | Reached skill level 10 in Spellcasting
 13979 | D:11     | Reached ***** piety under Sif Muna
 14401 | D:11     | Found a staircase to the Orcish Mines.
 14897 | Lair:1   | Entered Level 1 of the Lair of Beasts
 16666 | Lair:2   | Found a staircase to the Snake Pit.
 16880 | Lair:2   | Found a staircase to the Swamp.
 17855 | Lair:3   | Reached skill level 14 in Earth Magic
 17877 | Lair:3   | Reached skill level 10 in Fighting
 17877 | Lair:3   | Reached XP level 13. HP: 64/82 MP: 14/27
 18208 | Lair:3   | Noticed Snorg
 18217 | Lair:3   | Killed Snorg
 18912 | Lair:4   | Received a gift from Sif Muna
 18929 | Lair:3   | Learned a level 6 spell: Iron Shot
 18932 | Lair:3   | Learned a level 2 spell: Passwall
 18937 | Lair:3   | Learned a level 4 spell: Petrify
 19286 | Lair:4   | Identified the +11 dagger "Eklem" {freeze, Int+5 Dex+6}
 20202 | Lair:5   | Entered Level 5 of the Lair of Beasts
 20236 | Lair:5   | Found a viscous altar of Jiyva.
 20237 | Lair:5   | Found a staircase to the Slime Pits.
 21194 | Lair:5   | Received a gift from Sif Muna
 21197 | Lair:5   | Got Sif Muna's Opusculum on the Union and Sciomancy {god
                  | gift}
 21614 | Lair:5   | Reached skill level 15 in Earth Magic
 21963 | Lair:5   | Gained mutation: Your large and strong wings let you fly.
                  | [Gargoyle growth]
 21963 | Lair:5   | Reached XP level 14. HP: 48/90 MP: 2/29
 22304 | Lair:5   | Noticed Nessos
 22316 | Lair:5   | Killed Nessos
 22667 | Lair:5   | Noticed Sonja
 22672 | Lair:5   | Killed Sonja
 24461 | Lair:5   | Found a corrupted altar of Lugonu.
 24461 | Lair:5   | Found a one-way gate to the infinite horrors of the Abyss.
 24469 | Lair:5   | Identified the staff of cold "Bogis" {rPois rC+ Int+2}
 25315 | D:11     | Identified the +9 whip of Riret {freeze, *Noise +Blink
                  | rN+++ Str-2}
 25974 | Orc:1    | Entered Level 1 of the Orcish Mines
 26237 | Orc:1    | Received a gift from Sif Muna
 26360 | Orc:1    | Got Sif Muna's Papyrus of Energy {god gift}
 26749 | Orc:1    | You are sucked into a shaft and drop 1 floor!
 26749 | Orc:2    | Entered Level 2 of the Orcish Mines
 26912 | Orc:2    | Found Sahedd's Magic Scroll Emporium.
 27607 | Orc:1    | Identified a scroll of acquirement
 27608 | Orc:1    | Acquired 738 gold pieces
 27629 | Orc:2    | Found Uhetuylo's Gadget Gallery.
 27630 | Orc:2    | Bought a scroll of acquirement for 780 gold pieces
 27639 | Orc:1    | Acquired 792 gold pieces
 27651 | Orc:2    | Bought 2 scrolls of teleportation for 90 gold pieces
 27651 | Orc:2    | Bought a scroll of teleportation for 45 gold pieces
 27651 | Orc:2    | Bought a scroll of fear for 60 gold pieces
 27720 | Orc:2    | Found a staircase to the Elven Halls.
 28128 | Orc:1    | Learned a level 4 spell: Iskenderun's Mystic Blast
 29315 | Orc:2    | Found Xykhyduq's Distillery.
 29315 | Orc:2    | Found Akhelyudu's Armour Emporium.
 29315 | Orc:2    | Found Cirosewe's Weapon Emporium.
 29318 | Orc:2    | Found Osova's Weapon Shoppe.
 29828 | D:12     | Reached skill level 16 in Earth Magic
 30545 | D:12     | Reached XP level 15. HP: 97/97 MP: 22/31
 30908 | D:12     | Noticed Jorgrun
 31106 | D:13     | Received a gift from Sif Muna
 31360 | D:13     | Got Sif Muna's Volume of Shocking Arson {god gift}
 31794 | D:13     | Found a gate to the Vaults.
 34274 | D:14     | Found a runed translucent door.
 34289 | D:14     | Found a runed translucent door.
 34301 | D:14     | Found a runed translucent door.
 34312 | D:14     | Found a runed translucent door.
 34323 | D:14     | Identified the +3 scimitar "Vycheh" {freeze, *Rage rF+ rN+}
 34612 | D:14     | Found Wuogips's Antique Weapon Boutique.
 36046 | D:15     | Entered Level 15 of the Dungeon
 36573 | D:15     | Reached skill level 10 in Dodging
 37009 | D:15     | Found a staircase to the Depths.
 37778 | D:15     | Paralysed by an orc sorcerer for 2 turns
 38585 | D:15     | Shot with an arrow by a centaur warrior

Illustrated notes

Levels and vault maps discovered:
D:1:      sevenhm_arrival_forest_fort_large_4, layout_basic
D:2:      layout_rooms, basic_altar, st_stairs_11, uniq_natasha
D:3:      layout_loops_ring, uniq_terence
D:4:      layout_loops_ring, uniq_grinder, uniq_ijyb, uniq_eustachio
D:5:      layout_basic, xom_confusion_cloud, cheibrodos_sewer_entry_bend,
          mrwooster_statue_mirror, minmay_misc_feat_diagonals, uniq_pikel
D:6:      layout_basic, nicolae_kite_square_tiling_tiny, nicolae_shop_fire_sale
          [nicolae_sub_dead_trees], hangedman_glass_teeth,
          kennysheep_big_empty_room, nicolae_concentric_dashed_squares_wild
D:7:      corexii_shack_village, layout_layer_cave,
          minmay_temple_entry_crystal_x, minmay_misc_feat_enclosed,
          minmay_stone_trees_medium, hellmonk_guarded_unrand_lears
D:8:      lemuel_ice_spiral_2, layout_rooms, zin_treasury,
          minmay_lair_entry_grove, serial_co_window_serial, co_window_cross_1,
          co_window_paths_b, co_window_paths_a, co_window_corner_a,
          co_window_corner_a, co_window_corner_b, co_window_corner_b,
          co_window_corner_b, co_window_corner_b, co_window_unsneaky_path_e,
          glass_columns_a, glass_columns_b, glass_columns_b, glass_columns_a,
          serial_shops, nicolae_shop_bloodbath_and_beyond
D:9:      layout_rooms, mainiacjoe_overflow_alcove_1, serial_shops, shop,
          ldierk_geyser
D:10:     layout_roguey, minivault_25_ag, uniq_josephine
D:11:     layout_gridville, kennysheep_orc_monster_closet_entryway,
          nicolae_ru_the_path_less_chosen
D:12:     minmay_the_grid_square_5x5_3x3 [minmay_the_grid_square_5x5_inner_v,
          minmay_the_grid_square_5x5_eight_small,
          minmay_the_grid_square_5x5_forky,
          minmay_the_grid_square_5x5_checkered_sparse,
          minmay_the_grid_square_5x5_megaprize_hollow,
          minmay_the_grid_square_5x5_mess, minmay_the_grid_square_5x5_longway,
          minmay_the_grid_square_5x5_fat_x,
          minmay_the_grid_square_5x5_doubleslash], layout_loops_cross,
          serial_shops, shop, nicolae_trove_entry_crossroad, uniq_jorgrun,
          uniq_psyche
D:13:     layout_basic, erik_vaults_1
D:14:     layout_basic, minmay_misc_feat_iff, nicolae_stop_n_shop_2,
          minmay_statue_crystal_thing
D:15:     grunt_enter_depths_snipers, layout_cave_pools
Lair:1:   layout_cave_pods, serial_bayou_lake_a, grunt_megastairs_3
Lair:2:   layout_gridlike, minmay_swamp_entry_worms, guppyfry_snake_entry_island
Lair:3:   layout_regular_city, chequers_serial_rivers_marsh, grunt_megastairs_1,
          infiniplex_staircase_pool, uniq_snorg
Lair:4:   layout_gridlike, grunt_megastairs_2
Lair:5:   hellmonk_lair_end_abyssal_woods, layout_cave_pods, slime_entry_1,
          gauntlet_entry_generic, serial_bayou_lagoon_a,
          infiniplex_staircase_pool_2, uniq_nessos, uniq_sonja
Orc:1:    layout_diamond_mine, nicolae_orc_rockfall
Orc:2:    st_orc_mages, layout_caves, serial_shops, shop, nicolae_shop_gadgets

Skill      XL: |  1  2  3  4  5  6  7  8  9 10 11 12 13 14 15 |
---------------+----------------------------------------------+-----
Earth Magic    | 4 5 6 7 9 10 11 12 14 15 16 | 16.9
Spellcasting   | 3 4 5 6 7 8 9 10 11 12 13 | 13.2
Conjurations   | 1 2 4 6 7 9 |  9.9
Fighting       | 3 6 8 10 11 12 13 | 13.4
Dodging        | 2 3 5 7 8 9 10 | 10.2
Armour         | 2 3 |  3.9
Stealth        | |  2.1
Transmutations | |  0.7

Action                     |  1- 3 |  4- 6 |  7- 9 | 10-12 | 13-15 || total
---------------------------+-------+-------+-------+-------+-------++-------
  Melee: Unarmed           |     1 |       |    28 |       |       ||    29
         Punch             |       |       |     1 |     1 |       ||     2
         Dagger            |       |       |       |    17 |     3 ||    20
         Staff             |       |       |       |       |    23 ||    23
   Cast: Sandblast         |    34 |    52 |   120 |   188 |   474 ||   868
         Stone Arrow       |       |     7 |    74 |   198 |    72 ||   351
         Iron Shot         |       |       |       |       |   275 ||   275
  Evoke: Wand              |       |       |       |     4 |     7 ||    11
    Use: Potion            |       |       |     5 |     1 |     4 ||    10
         Scroll            |       |       |     1 |    18 |    24 ||    43
 Armour: Robe              |     2 |     9 |   104 |    64 |   347 ||   526
         Chain mail        |       |       |    39 |    18 |       ||    57
  Dodge: Dodged            |    11 |    10 |   144 |   113 |   509 ||   787
